 Dungeon Crawl Stone Soup version 0.28-a0-622-gbaef9634d7 (webtiles) character file.

Game seed: 13285218301119922322

16 sleeves the Skirmisher (level 2, 0/24 HPs)
             Began as a Demonspawn Fighter on Oct 7, 2021.
             Succumbed to Terence's poison
             ... on level 2 of the Dungeon.
             The game lasted 00:00:42 (1059 turns).

sleeves the Skirmisher (Demonspawn Fighter)         Turns: 1059, Time: 00:00:42

Health: 0/24       AC:  6    Str: 16    XL:     2   Next: 41%
Magic:  2/2        EV:  9    Int:  9    God:
Gold:   21         SH:  4    Dex: 12    Spells: 1/1 levels left

rFire   . . .      SeeInvis .   a - +0 long sword
rCold   . . .      Faith    .   c - +0 buckler
rNeg    . . .      Spirit   .   b - +0 scale mail
rPois   .          Reflect  .   (no helmet)
rElec   .          Harm     .   (no cloak)
rCorr   .          Rampage  .   (no gloves)
Will    .....                   (no boots)
Stlth   ..........              (no amulet)
HPRegen 0.08/turn               (no ring)
MPRegen 0.08/turn               (no ring)

@: lethally poisoned (0 -> -14)
A: weakness stinger 1
a: no special abilities


You were on level 2 of the Dungeon.
You visited 1 branch of the dungeon, and saw 2 of its levels.

You collected 21 gold pieces.

Inventory:

Hand Weapons
 a - a +0 long sword (weapon)
Armour
 b - a +0 scale mail (worn)
 c - a +0 buckler (worn)
Jewellery
 h - a +6 ring of strength
   (You found it on level 1 of the Dungeon)
 i - a ring of resist corrosion
   (You found it on level 1 of the Dungeon)
Scrolls
 f - 2 scrolls of fear {unknown}
 g - a scroll of blinking {unknown}
 k - a scroll of identify {unknown}
Potions
 d - a potion of might
 e - a potion of lignification {unknown}
 j - a potion of flight {unknown}
 l - a potion of heal wounds {unknown}
 m - a potion of attraction {unknown}


   Skills:
 - Level 3.0 Fighting
 + Level 2.8 Long Blades
 - Level 2.6 Armour
 - Level 2.6 Shields


You had one spell level left.
You didn't know any spells.
Your spell library contained the following spells:

 Spells                   Type           Power      Damage    Failure   Level
 Freezing Cloud           Conj/Ice/Air   0%         6-21      100%        5
 Simulacrum               Ice/Necr       0%         N/A       100%        6
 Polar Vortex             Ice            0%         N/A       100%        9


Dungeon Overview and Level Annotations

Branches:
Dungeon (2/15)

Altars:

Shops:
D:2 (

Annotations:
D:2 Terence


Innate Abilities, Weirdness & Mutations

You have a small tail.


Message History

Welcome, sleeves the Demonspawn Fighter.
Will you be the one to retrieve the fabulous Orb of Zot from the depths?
Press ? for a list of commands and other information.
Found 25 stones.
Found a staircase leading out of the dungeon.
Unknown command.
A ball python comes into view.
A ball python is nearby!
A ball python is nearby!
A ball python is nearby!
The ball python bites you but does no damage.
The ball python barely misses you. x2; You block the ball python's attack.
You slash the ball python!
You kill the ball python!
No target in view!
No target in view!
No target in view!
No target in view!
No target in view!
No target in view!
A ball python comes into view.
The ball python hisses angrily.
A ball python is nearby!
A ball python is nearby!
You hit the ball python.
The ball python is severely wounded.
The ball python bites you. You block the ball python's attack.
You hit the ball python.
You kill the ball python!
Your Long Blades skill increases to level 2!
No target in view!
No target in view!
No target in view!
No target in view!
No target in view!
HP restored.
You see here a ball python corpse.
e - a murky puce potion A goblin comes into view.
It is wielding a +0 dagger.
The goblin shouts!
A goblin is nearby!
The goblin hits you but does no damage.
You barely miss the goblin. You block the goblin's attack.
You closely miss the goblin. You block the goblin's attack.
You slash the goblin!
You kill the goblin!
No target in view!
No target in view!
No target in view!
No target in view!
Things that are here:
a +0 dagger; a goblin corpse
f - a scroll labelled GUL TEQEEC A giant cockroach comes into view.
The giant cockroach bites you but does no damage.
The giant cockroach closely misses you.
You slash the giant cockroach!
You kill the giant cockroach!
No target in view!
No target in view!
No target in view!
No target in view!
No target in view!
No target in view!
A kobold comes into view. It is wielding a +0 short sword.
The kobold shouts!
A kobold is nearby!
A kobold is nearby!
You closely miss the kobold. The kobold hits you but does no damage.
You hit the kobold.
The kobold is severely wounded.
The kobold hits you but does no damage.
You hit the kobold.
You kill the kobold!
No target in view!
No target in view!
No target in view!
No target in view!
No target in view!
No target in view!
You see here a +0 short sword.
As you open the door, it creaks loudly!
There is an open door here.
You open the door. You open the door.
Found a faded altar of an unknown god.
There is an open door here.
You open the door.
There is an open door here.
As you open the door, it creaks loudly!
You open the door.
There is a faded altar of an unknown god here.
You open the door. You open the door. You open the door.
There is an open door here.
You open the door.
There is an open door here.
An endoplasm comes into view.
The endoplasm quivers.
The endoplasm hits you but does no damage.
You slash the endoplasm!
You kill the endoplasm!
No target in view!
No target in view!
No target in view!
No target in view!
No target in view!
Found a runed trident.
You see here a +2 trident of freezing.
Found 14 stones.
No target in view!
No target in view!
No target in view!
No target in view!
No target in view!
No target in view!
Found a stone staircase leading down.
You now have 12 gold pieces.
Found 16 stones.
No target in view!
No target in view!
No target in view!
No target in view!
No target in view!
No target in view!
No target in view!
No target in view!
No target in view!
g - a scroll labelled USHAL RIRIPSOS
Found a stone staircase leading down.
There is a stone staircase leading down here.
Found a stone staircase leading down.
No target in view!
No target in view!
No target in view!
No target in view!
No target in view!
No target in view!
No target in view!
No target in view!
No target in view!
No target in view!
You open the door.
There is an open door here.
Found 23 bolts.
h - a +6 ring of strength A ball python comes into view.
The ball python hisses angrily.
A ball python is nearby!
The ball python bites you. The ball python grabs you.
The ball python constricts you.
You slash the ball python!
You kill the ball python!
You have reached level 2!
Your demonic ancestry asserts itself...
You grow a small tail.
A hobgoblin comes into view.
The hobgoblin shouts!
A hobgoblin is nearby!
A hobgoblin is nearby!
The hobgoblin hits you.
You hit the hobgoblin. You tail-slap the hobgoblin.
The hobgoblin is severely wounded.
The hobgoblin hits you but does no damage.
The hobgoblin hits you.
You hit the hobgoblin but do no damage.
Your tail-slap misses the hobgoblin.
The hobgoblin is severely wounded.
The hobgoblin closely misses you.
You hit the hobgoblin.
You kill the hobgoblin!
No target in view!
No target in view!
No target in view!
No target in view!
No target in view!
No target in view!
Sorry, you're not good enough to have a special ability.
As you open the door, it creaks loudly!
An endoplasm comes into view.
The endoplasm quivers.
Found a dagger.
An endoplasm is nearby!
An endoplasm is nearby!
An endoplasm is nearby!
There is an open door here.
You hit the endoplasm.
You tail-slap the endoplasm, but do no damage.
The endoplasm is severely wounded.
The endoplasm freezes you.
You are frozen.
You slash the endoplasm!
You kill the endoplasm!
No target in view!
No target in view!
No target in view!
No target in view!
No target in view!
No target in view!
No target in view!
No target in view!
No target in view!
No target in view!
You see here a +0 dagger.
You now have 21 gold pieces (gained 9).
You open the door.
A kobold comes into view. It is wielding a +0 short sword.
The kobold shouts!
A kobold is nearby!
A kobold is nearby!
The kobold hits you with a +0 short sword.
There is an open door here.
You closely miss the kobold.
Your tail-slap misses the kobold.
The kobold closely misses you.
You completely miss the kobold.
Your tail-slap misses the kobold.
The kobold barely misses you.
You barely miss the kobold.
Your tail-slap misses the kobold.
You block the kobold's attack. The kobold barely misses you.
You closely miss the kobold. You tail-slap the kobold.
You kill the kobold!
No target in view!
No target in view!
No target in view!
No target in view!
Things that are here:
a +0 short sword; 5 stones; a kobold corpse
i - a ring of resist corrosion
j - a bubbling green potion No target in view!
No target in view!
No target in view!
No target in view!
No target in view!
No target in view!
No target in view!
No target in view!
No target in view!
Key pressed, stopping explore.
A kobold comes into view. It is wielding a +0 dagger.
The kobold throws a stone.
You block the stone.
You see here a scroll labelled CIREECL XAONI.
A kobold is nearby!
You barely miss the kobold. You tail-slap the kobold.
The kobold is moderately wounded.
The kobold hits you but does no damage.
You miss the kobold.
The kobold is moderately wounded.
The kobold closely misses you. The kobold barely misses you.
Your scale mail prevents you from hitting the kobold.
Your tail-slap misses the kobold.
The kobold is moderately wounded.
You block the kobold's attack.
You hit the kobold.
You kill the kobold!
No target in view!
No target in view!
No target in view!
Things that are here:
a +0 dagger; 2 stones
k - a scroll labelled CIREECL XAONI You pick up a book of Ice and begin reading...
You add the spells Freezing Cloud, Simulacrum and Polar Vortex to your library.
Key pressed, stopping explore.
Done exploring.
Done exploring.
Done exploring.
Done exploring.
No target in view!
No target in view!
No target in view!
No target in view!
No target in view!
No target in view!
No target in view!
Done exploring.
Done exploring.
Search for what [? for help]? alt
There is an open door here.
There is an open door here.
There is a faded altar of an unknown god here.
Unknown command.
Press < or > to pray at altars.
Unknown command.
Press < or > to pray at altars.
(D) Dungeon
Where to? (Enter - D:1 @ (x,y), ? - help)
There is an open door here.
You open the door.
There is an open door here.
There is a stone staircase leading down here.
You climb downwards.
There is a stone staircase leading up here.
Found a stone staircase leading down.
A bat comes into view.
Found 6 gold pieces.
You block the bat's attack.
A bat is nearby!
You closely miss the bat.
Your tail-slap misses the bat.
The bat barely misses you. The bat closely misses you.
You closely miss the bat. The bat hits you but does no damage.
You hit the bat.
The bat is moderately wounded.
The bat hits you but does no damage. The bat hits you but does no damage.
The bat misses you.
A bat comes into view.
Found a scroll labelled GUL TEQEEC.
You block the bat's attack.
You hit the bat.
You kill the bat!
The bat hits you but does no damage.
A bat is nearby!
A bat is nearby!
A bat is nearby!
You hit the bat.
The bat is moderately wounded.
The bat hits you but does no damage. You block the bat's attack.
The bat hits you but does no damage.
You slash the bat!
You kill the bat!
No target in view!
No target in view!
No target in view!
No target in view!
No target in view!
No target in view!
No target in view!
Things that are here:
a bat corpse; a bat corpse
Found a dagger.
Found Texy's Antique Weapon Boutique.
No target in view!
No target in view!
No target in view!
No target in view!
No target in view!
No target in view!
No target in view!
No target in view!
No target in view!
f - 2 scrolls labelled GUL TEQEEC (gained 1)
There is an entrance to Texy's Antique Weapon Boutique here.
You can access your shopping list by pressing '$'.
You see here a +0 dagger.
l - a metallic green potion
m - a blue potion A kobold comes into view.
It is wielding a +0 club.
The kobold shouts!
The kobold throws a stone.
You block the stone.
A kobold is nearby!
A hobgoblin comes into view.
Terence the Incautious comes into view.
He is wielding a +2 short sword of venom.
The kobold throws a stone.
The stone barely misses you.
Terence shouts!
The kobold throws a stone.
You block the stone.
The kobold throws a stone.
The stone closely misses you. Terence says, "Did you write a will?
You should..."
The kobold barely misses you.
You slash the kobold!
You kill the kobold!
Terence barely misses you.
You barely miss Terence. You block Terence's attack.
You barely miss Terence.
The hobgoblin hits you but does no damage.
Terence hits you but does no damage.
You are poisoned.
You hit Terence. You tail-slap Terence.
Terence is moderately wounded.
You feel very sick. The hobgoblin barely misses you.
Terence hits you with a +2 short sword of venom.
The hobgoblin hits you.
You are too injured to fight recklessly!
You are too injured to fight recklessly!
You are too injured to fight recklessly!
There are monsters nearby!
You feel sick. The hobgoblin closely misses you.
You feel sick. You block the hobgoblin's attack.
Terence hits you with a +2 short sword of venom.
* * * LOW HITPOINT WARNING * * *
You are lethally poisoned!
* * * LOW HITPOINT WARNING * * *
You feel very sick.
You die...

#### ....
..#################
...................
#####.#######..######## #
...#.# #....).........
..#.#.##.#.###.####..#######
......).@g.@..............†.
..#.#.##.#.###.##.#...######
# #..#.# #.##.#..∩#$....
#.##.# #.##.#...#.#### ..
#.# #.##.#...# .#. #.#
#.##.#...# #.#. #.#
#+##.#...# # #. ..# ..#...#
#. ..##.##


You could see Terence and a hobgoblin.

Vanquished Creatures
  3 ball pythons (D:1)
  2 endoplasms (D:1)
  A giant cockroach (D:1)
  A goblin (D:1)
  A hobgoblin (D:1)
  2 bats (D:2)
  4 kobolds
14 creatures vanquished.

Notes
Turn   | Place    | Note
-------+----------+-------------------------------------------
     0 | D:1      | sleeves the Demonspawn Fighter began the quest for the Orb.
     0 | D:1      | Reached XP level 1. HP: 18/18 MP: 1/1
    30 | D:1      | Reached skill level 2 in Long Blades
    99 | D:1      | Found a faded altar of an unknown god.
   438 | D:1      | Gained mutation: You have a small tail. [demonic ancestry]
   438 | D:1      | Reached XP level 2. HP: 23/24 MP: 2/2
  1000 | D:2      | Found Texy's Antique Weapon Boutique.
  1048 | D:2      | Noticed Terence
  1057 | D:2      | HP: 7/24 [Terence (6)]
  1058 | D:2      | HP: 3/24 [poisoned by Terence]
  1059 | D:2      | Succumbed to Terence's poison

Illustrated notes

Levels and vault maps discovered:
D:1:      erik_arrival_orb_chamber, layout_basic,
          hellmonk_ecumenical_altar_heavens_door, palyth_stone_intersect,
          glass_columns_a, minmay_misc_feat_four_crosses, dk_noncrumbling_4
D:2:      layout_basic, serial_shops, shop, uniq_terence, uniq_sigmund

Skill      XL: |  1 |
---------------+----+-----
Long Blades    | 2 |  2.8
Fighting       | |  3.0
Armour         | |  2.6
Shields        | |  2.6

Action                   || total
-------------------------++-------
Melee: Long sword        ||    35
       Tailslap          ||     5
Armor: Scale mail        ||    16
Dodge: Dodged            ||    18
Block: Buckler           ||    14

Table legend: (Time is in decaauts)
 A = Elapsed time spent in this place.
 B = Non-inter-level travel time spent in this place.
 C = Inter-level travel time spent in this place.
 D = Time resting spent in this place.
 E = Time spent auto-exploring this place.
 F = Levels seen in this place.
 G = Mean time per level.
                   A        B        C        D        E       F      G
               +--------+--------+--------+--------+--------+-----+--------+
         Total |   1069 |   1011 |     58 |      0 |    892 |   2 |  534.5 |
       Dungeon |   1069 |   1011 |     58 |      0 |    892 |   2 |  534.5 |
               +--------+--------+--------+--------+--------+-----+--------+

Top non-repeatable levels by time:
     D:1: 981 daAuts
     D:2: 87 daAuts
